 Dungeon Crawl Stone Soup version 0.26-b1-59-ge38874ec40 (webtiles) character file.

Game seed: 5513771815451160049

22416 lastplaneout the Grappler (level 12, -2/119 HPs)
             Began as a Troll Berserker on Jan 9, 2021.
             Was a High Priest of Trog.
             Slain by a 12-headed hydra (6 damage)
             ... on level 3 of the Lair of Beasts.
             The game lasted 00:31:57 (11970 turns).

lastplaneout the Grappler (Troll Berserker)        Turns: 11970, Time: 00:31:58

Health: -2/119     AC: 13    Str: 29    XL:     12   Next: 62%
Magic:  11/11      EV: 27    Int:  3    God:    Trog [*****.]
Gold:   427        SH:  0    Dex:  9    Spells: 11/11 levels left

rFire    . . .     SeeInvis +   E - +7 morningstar "Afounubiu" {freeze, rN++ Str-3}
rCold    . . .     Faith    .   (no shield)
rNeg     + + .     Spirit   .   z - +0 swamp dragon scales
rPois    +         Reflect  .   (helmet restricted)
rElec    .         Harm     .   (no cloak)
rCorr    +         Rampage  .   (gloves unavailable)
Will     .....                  (boots unavailable)
Stlth    ..........             B - amulet of the acrobat
HPRegen  0.69/turn              w - ring of see invisible
MPRegen  0.12/turn              y - ring of resist corrosion

@: berserk cooldown, acrobat, slowed, very slow
A: large, unfitting armour, claws 3, regeneration 1, shaggy fur 1, tough skin 3
a: Renounce Religion, Berserk, Trog's Hand, Brothers in Arms


You were on level 3 of the Lair of Beasts.
You worshipped Trog.
Trog was extremely pleased with you.
You visited 2 branches of the dungeon, and saw 13 of its levels.

You collected 691 gold pieces.
You spent 264 gold pieces at shops.

Inventory:

Hand Weapons
 E - the +7 morningstar "Afounubiu" (weapon) {freeze, rN++ Str-3}
   (You found it on level 9 of the Dungeon)

   It has been specially enchanted to freeze those struck by it, causing extra
   injury to most foes and up to half again as much damage against particularly
   susceptible opponents.
   It can also slow down cold-blooded creatures.
   It affects your strength (-3).
   It greatly protects you from negative energy.
 H - the +7 bardiche of the Blessed Realm {vorpal, rElec Int+2 SInv}
   (Trog gifted it to you on level 10 of the Dungeon)

   It inflicts extra damage upon your enemies.
   It affects your intelligence (+2).
   It insulates you from electricity.
   It lets you see invisible.
Armour
 s - the +1 robe of Jigsaw {*Drain +Fly rC+++ Int-2}
   (You found it on level 4 of the Dungeon)

   It affects your intelligence (-2).
   It renders you almost immune to cold.
   It lets you fly.
   It causes draining when unequipped.
 z - +0 swamp dragon scales (worn)
Jewellery
 w - a ring of see invisible (left claw)
 y - a ring of resist corrosion (right claw)
 B - an amulet of the acrobat (around neck)
 D - an uncursed ring of poison resistance {unknown}
 J - an uncursed ring of willpower
 O - an uncursed ring of protection from fire {unknown}
Wands
 a - a wand of enslavement (23)
 e - a wand of digging (7)
 r - a wand of disintegration (16)
 C - a wand of random effects (13)
Scrolls
 b - a scroll of identify
 f - 2 scrolls of blinking
 g - 7 scrolls of remove curse
 h - 5 scrolls of teleportation
 n - 2 scrolls of magic mapping
 p - 2 scrolls of fear {unknown}
 q - 3 scrolls of enchant armour {unknown}
 t - a scroll of fog {unknown}
 G - a scroll of brand weapon {unknown}
 I - a scroll of noise {unknown}
 K - 2 scrolls of enchant weapon {unknown}
 L - a scroll of holy word {unknown}
 M - 2 scrolls of acquirement {unknown}
Potions
 c - 3 potions of ambrosia
 i - 4 potions of mutation
 j - 2 potions of cancellation
 k - 6 potions of haste
 l - a potion of magic
 u - a potion of attraction {unknown}
 v - 2 potions of curing
 x - a potion of brilliance {unknown}
 F - a potion of flight {unknown}
 N - a potion of might {unknown}


   Skills:
 + Level 7.7 Fighting
 + Level 2.3 Maces & Flails
 + Level 8.1 Armour
 - Level 8.0 Dodging
 - Level 14.0 Unarmed Combat


You had 11 spell levels left.
You didn't know any spells.
Your spell library was empty.

Dungeon Overview and Level Annotations

Branches:
Dungeon (10/15)            Temple (0/1) D:6            Lair (3/6) D:9
    Orc (0/2) D:10
  Swamp: Lair:2-4    Shoals: Lair:2-4     Snake: Lair:2-4    Spider: Lair:2-4

Altars:
Cheibriados
Elyvilon
Fedhas
Makhleb
Sif Muna
Trog
Vehumet
Xom
Yredelemnul
The Shining One

Shops:
D:7 *(?:   D:8 =


Innate Abilities, Weirdness & Mutations

You are too large for most types of armour.
You have claws for hands.
Your natural rate of healing is unusually fast.
You are covered in fur. (AC +1)
You have extremely tough skin. (AC +3)


Message History

The 12-headed hydra bites you but does no damage.
The 12-headed hydra bites you.
* * * LOW HITPOINT WARNING * * *
Your Maces & Flails skill increases to level 2!
You feel much better. The 12-headed hydra barely misses you.
The 12-headed hydra closely misses you. The 12-headed hydra bites you.
* * * LOW HITPOINT WARNING * * *
The 12-headed hydra misses you. The 12-headed hydra bites you.
* * * LOW HITPOINT WARNING * * *
The 12-headed hydra bites you.
* * * LOW HITPOINT WARNING * * *
The 12-headed hydra bites you but does no damage.
The 12-headed hydra misses you. The 12-headed hydra bites you!
* * * LOW HITPOINT WARNING * * *
The 12-headed hydra bites you but does no damage.
The 12-headed hydra bites you!
* * * LOW HITPOINT WARNING * * *
The 12-headed hydra bites you but does no damage.
The 12-headed hydra bites you.
You die...

# #........#.#..............##
#P##....PPP#..............#...
........P..........#.....####
#P.....P##..P###..##.#.####.
#.P....####..##P..##.#..##..
####....P.#..##..#########P.
#....^....÷.....>##PP♣# ##.
#..#..<.#...#.P###≈..)♣####.
##..#..####@.####♣$....♣#...
#.#.#.# #.D#####P..)..♣##.[
###..#.#####.D...#[....?≈#...
..........# ####..##.....##...
###..###..# ##...##'''####..
#.. ##.# #...........##.. ##.
#..# ###.#........##... ##.
##.###.......###..(...P
#..###P..##...#P### #...≈≈≈.


You could see a 13-headed hydra and a 12-headed hydra.

Vanquished Creatures
  The ghost of Myro the Basher, a journeyman GrBe of Trog (Lair:3)
  Harold (D:7)
  2 hydras (Lair:3)
  A boulder beetle (Lair:3)
  A two-headed ogre (D:10)
  Pikel (D:7)
  8 elephants (Lair:2)
  4 cane toads
  A black mamba (Lair:1)
  Maggie (D:8)
  2 rime drakes (Lair:2)
  4 komodo dragons
  A polar bear (Lair:2)
  2 trolls
  4 blink frogs
  2 shadows (D:10)
  A wraith (D:10)
  2 basilisks
  A wyvern (D:10)
  21 yaks
  5 humans (D:6)
  5 water moccasins
  2 black bears
  2 sky beasts (D:8)
  3 orc warriors
  5 ice beasts
  A phantom (D:10)
  A necrophage (D:8)
  6 wolves (Lair:2)
  5 centaurs
  A lemure (D:6)
  3 big kobolds
  12 bullfrogs
  A wyvern zombie (D:8)
  2 gnoll sergeants
  4 troll zombies (D:10)
  4 scorpions
  5 killer bees (D:10)
  3 howler monkeys (D:8)
  5 hounds
  2 jellies
  A centaur skeleton (D:10)
  7 orc priests
  2 iguanas
  7 orc wizards
  7 worker ants
  2 ogre zombies (D:10)
  A hound skeleton (D:7)
  2 howler monkey zombies
  A worker ant zombie (D:9)
  13 gnolls
  12 adders
  3 white imps
  3 ufetubi
  3 worms
  2 dart slugs
  5 leopard geckos
  33 orcs
  A ball python (D:6)
  6 giant cockroaches
  6 goblins
  6 hobgoblins
  22 jackals
  17 kobolds
  4 quokkas
  3 bats (D:1)
  3 frilled lizards
  3 goblin zombies (D:10)
  A hobgoblin skeleton (D:10)
  3 hobgoblin zombies (D:10)
  2 orc skeletons (D:10)
  10 orc zombies (D:10)
  14 rats
343 creatures vanquished.

Vanquished Creatures (others)
  20 fungi
  21 plants
41 creatures vanquished.

Grand Total: 384 creatures vanquished

Notes
Turn   | Place    | Note
-------+----------+-------------------------------------------
     0 | D:1      | lastplaneout the Troll Berserker began the quest for the
                  | Orb.
     0 | D:1      | Reached XP level 1. HP: 22/22 MP: 0/0
    21 | D:1      | You fall into a shaft and drop 1 floor!
   207 | D:1      | Reached XP level 2. HP: 27/29 MP: 1/1
   363 | D:1      | Reached skill level 4 in Unarmed Combat
   495 | D:1      | Reached ** piety under Trog
   640 | D:1      | Reached XP level 3. HP: 36/36 MP: 2/2
  1075 | D:2      | Reached XP level 4. HP: 44/44 MP: 3/3
  1221 | D:2      | Reached skill level 5 in Unarmed Combat
  1499 | D:3      | Found a white marble altar of Elyvilon.
  1909 | D:3      | Found a bloodstained altar of Trog.
  1910 | D:3      | Found a basalt altar of Yredelemnul.
  2024 | D:4      | Reached XP level 5. HP: 50/50 MP: 4/4
  2053 | D:4      | Reached skill level 6 in Unarmed Combat
  2112 | D:4      | Reached *** piety under Trog
  2145 | D:4      | Got a heavily jewelled robe
  2170 | D:4      | Identified the cursed +1 robe of Jigsaw {*Drain +Fly rC+++
                  | Int-2} (You found it on level 4 of the Dungeon)
  2321 | D:4      | Reached XP level 6. HP: 46/59 MP: 5/5
  2397 | D:4      | Reached skill level 7 in Unarmed Combat
  2582 | D:5      | Entered Level 5 of the Dungeon
  2655 | D:5      | Noticed an ice beast
  2662 | D:5      | Killed an ice beast
  2663 | D:5      | Reached skill level 8 in Unarmed Combat
  2663 | D:5      | Reached XP level 7. HP: 66/66 MP: 6/6
  2929 | D:5      | Found a shimmering blue altar of Sif Muna.
  3149 | D:6      | Reached **** piety under Trog
  3150 | D:6      | Reached skill level 9 in Unarmed Combat
  3399 | D:6      | Found a white marble altar of Elyvilon.
  3455 | D:6      | Found a staircase to the Ecumenical Temple.
  3638 | D:6      | Noticed a human
  3638 | D:6      | Noticed a human
  3638 | D:6      | Noticed a human
  3638 | D:6      | Noticed a human
  3658 | D:6      | Killed a human
  3659 | D:6      | Reached skill level 10 in Unarmed Combat
  3659 | D:6      | Reached XP level 8. HP: 37/74 MP: 7/7
  3677 | D:6      | Reached skill level 11 in Unarmed Combat
  3939 | D:7      | Found Ryurphedd's Weapon Emporium.
  4303 | D:7      | Found Umuxzif's Assorted Antiques.
  4343 | D:7      | Found Rywkocw's Book Shop.
  4345 | D:7      | Noticed Harold
  4372 | D:7      | Killed Harold
  4373 | D:7      | Reached skill level 12 in Unarmed Combat
  4373 | D:7      | Reached XP level 9. HP: 37/80 MP: 8/8
  4627 | D:7      | Found Ypsuz's Magic Scroll Emporium.
  4630 | D:7      | Noticed Pikel
  4722 | D:7      | Reached skill level 13 in Unarmed Combat
  5016 | D:7      | Bought a scroll of blinking for 120 gold pieces
  5016 | D:7      | Bought 2 scrolls of teleportation for 96 gold pieces
  5016 | D:7      | Bought a scroll of remove curse for 48 gold pieces
  5040 | D:7      | Killed Pikel
  5060 | D:7      | Reached ***** piety under Trog
  5321 | D:7      | Found a burning altar of Makhleb.
  5604 | D:8      | Reached skill level 14 in Unarmed Combat
  5644 | D:8      | Reached XP level 10. HP: 87/88 MP: 9/9
  5779 | D:8      | Found Neemp's Jewellery Shoppe.
  5794 | D:8      | Noticed Maggie
  5802 | D:8      | Killed Maggie
  5966 | D:8      | Found a snail-covered altar of Cheibriados.
  6383 | D:9      | Reached skill level 5 in Dodging
  6582 | D:9      | Found a blossoming altar of Fedhas.
  6599 | D:9      | Found a radiant altar of Vehumet.
  6722 | D:9      | Found a glowing golden altar of the Shining One.
  6892 | D:9      | Found a staircase to the Lair.
  6939 | D:9      | Got an encrusted morningstar
  7124 | D:9      | Found a shimmering altar of Xom.
  7352 | D:10     | Entered Level 10 of the Dungeon
  7460 | D:10     | Received a gift from Trog
  7465 | D:10     | Got a warped bardiche {god gift}
  7554 | D:10     | Found a staircase to the Orcish Mines.
  7580 | D:10     | Reached XP level 11. HP: 61/101 MP: 10/10
  7783 | D:10     | Noticed a two-headed ogre
  7789 | D:10     | Killed a two-headed ogre
  8311 | D:10     | Reached skill level 5 in Fighting
  8529 | Lair:1   | Entered Level 1 of the Lair of Beasts
  8549 | D:9      | Reached skill level 1 in Armour
 10191 | Lair:2   | Reached skill level 5 in Armour
 10417 | Lair:2   | Received a gift from Trog
 10418 | Lair:2   | Reached XP level 12. HP: 95/115 MP: 11/11
 10423 | Lair:2   | Reached ****** piety under Trog
 11393 | Lair:3   | Noticed a boulder beetle
 11426 | Lair:3   | Killed a boulder beetle
 11474 | Lair:3   | Noticed a four-headed hydra
 11479 | Lair:3   | Identified the +7 morningstar "Afounubiu" {freeze, rN++
                  | Str-3} (You found it on level 9 of the Dungeon)
 11486 | Lair:3   | Killed a four-headed hydra
 11491 | Lair:3   | Identified the +7 bardiche of the Blessed Realm {vorpal,
                  | rElec Int+2 SInv} (Trog gifted it to you on level 10 of the
                  | Dungeon)
 11709 | Lair:3   | Reached skill level 1 in Maces & Flails
 11731 | Lair:3   | Noticed a four-headed hydra
 11738 | Lair:3   | Killed a four-headed hydra
 11912 | Lair:3   | Found a runed translucent gate.
 11912 | Lair:3   | Noticed a 12-headed hydra
 11912 | Lair:3   | Noticed a 13-headed hydra
 11913 | Lair:3   | Noticed Myro's ghost (journeyman GrBe)
 11915 | Lair:3   | Found a runed translucent gate.
 11916 | Lair:3   | Found a runed translucent gate.
 11967 | Lair:3   | Killed Myro's ghost
 11968 | Lair:3   | HP: 2/119 [12-headed hydra (7)]
 11970 | Lair:3   | Slain by a 12-headed hydra

Illustrated notes

Levels and vault maps discovered:
D:1:      evilmike_arrival_fibonacci_small, layout_loops_ring, kennysheep_boxes
D:2:      layout_loops_ring
D:3:      layout_loops_ring, lemuel_doored_altar,
          gammafunk_temple_overflow_statue, moated_statue
D:4:      layout_rooms, minmay_quantized
D:5:      layout_rooms, kennysheep_little_box
D:6:      layout_loops_cross, minmay_temple_entry_offerings, basic_altar,
          minmay_ruffians
D:7:      layout_cave_pods, lightli_temple_of_fire, serial_shops, shop,
          nicolae_shop_crystal, kennysheep_mini, shop, minmay_statues_item,
          uniq_harold, uniq_pikel
D:8:      layout_rooms, cheibriados_altar_1, serial_shops, shop, uniq_maggie
D:9:      layout_loops_ring, nicolae_overflow_quartered_altars,
          grunt_lair_entry_orc_guard_hut
D:10:     layout_long_grid, zombieorc1_lemuel, minivault_21
Lair:1:   layout_cave_pods
Lair:2:   layout_layer_cave
Lair:3:   layout_loops_ring, gammafunk_ghost_hydra_chop,
          kennysheep_catoblepas_arena, infiniplex_staircase_pool,
          serial_bayou_shore_a, lemuel_fruit_tree, serial_bayou_shore_b

Skill      XL: |  1  2  3  4  5  6  7  8  9 10 11 12 |
---------------+-------------------------------------+-----
Unarmed Combat | 4 5 6 8 10 12 14 | 14.0
Dodging        | 7 8 |  8.0
Fighting       | 4 6 7 |  7.7
Armour         | 5 8 |  8.1
Maces & Flails | 2 |  2.3

Action                   |  1- 3 |  4- 6 |  7- 9 | 10-12 || total
-------------------------+-------+-------+-------+-------++-------
Melee: Unarmed           |   108 |   127 |   229 |   542 ||  1006
       Punch             |     2 |     2 |    16 |    46 ||    66
       Morningstar       |       |       |       |    37 ||    37
Invok: Berserk           |       |       |     2 |     5 ||     7
  Use: Scroll            |       |       |     9 |     7 ||    16
       Potion            |       |       |     1 |     2 ||     3
Armor: Animal skin       |    53 |    11 |       |       ||    64
       Robe              |       |    26 |    76 |    27 ||   129
       Swamp dragon scal |       |       |       |   210 ||   210
Dodge: Dodged            |    58 |    52 |   139 |   414 ||   663
